 Dungeon Crawl Stone Soup version 0.22.1-2-g9c5b331383 (webtiles) character file.

128 Cykl0x the Sneak (level 4, -1/23 HPs)
             Began as a Spriggan Assassin on Nov 12, 2018.
             Slain by a hippogriff (6 damage)
             ... on level 4 of the Dungeon.
             The game lasted 00:08:19 (3049 turns).

Cykl0x the Sneak (Spriggan Assassin)                Turns: 3049, Time: 00:08:19

Health: -1/23      AC:  3    Str:  8    XL:     4   Next: 86%
Magic:  5/5        EV: 18    Int: 12    God:
Gold:   105        SH:  0    Dex: 17    Spells: 3/3 levels left

rFire    . . .     SeeInvis +   a - +3 dagger
rCold    . . .     Gourm    .   (shield restricted)
rNeg     . . .     Faith    .   c - +0 robe
rPois    .         Spirit   .   (helmet restricted)
rElec    .         Reflect  .   d - +0 cloak
rCorr    .         Harm     .   (gloves unavailable)
MR       .....                  (boots unavailable)
Stlth    ++++......             (no amulet)
HPRegen  0.07/turn              (no ring)
MPRegen  0.09/turn              (no ring)

@: very quick
A: very small, unfitting armour, see invisible, herbivore, speed 3, slow
metabolism 2
a: no special abilities


You were on level 4 of the Dungeon.
You were not hungry.

You visited 1 branch of the dungeon, and saw 4 of its levels.

You collected 125 gold pieces.
You spent 20 gold pieces at shops.

Inventory:

Hand Weapons
 a - a +3 dagger (weapon)
 b - a +1 blowgun
Missiles
 e - a poisoned needle
 f - 2 curare-tipped needles
Armour
 c - a +0 robe (worn)
 d - a +0 cloak (worn)
Jewellery
 n - an uncursed amulet of faith {unknown}
Scrolls
 h - 3 scrolls of identify
 j - a scroll of immolation {unknown}
 k - 2 scrolls of magic mapping {unknown}
 o - a scroll of teleportation {unknown}
 p - a scroll of enchant armour {unknown}
Potions
 l - a potion of might {unknown}
 m - a potion of brilliance {unknown}
Comestibles
 g - 8 rations


   Skills:
 + Level 2.1 Fighting
 + Level 3.3 Short Blades
 + Level 2.2 Throwing
 + Level 2.7 Dodging
 + Level 7.7 Stealth


You had 3 spell levels left.
You didn't know any spells.
Your spell library was empty.

Dungeon Overview and Level Annotations

Branches:
Dungeon (4/15)
 Temple: D:4-7

Altars:
Fedhas

Shops:
D:4 *


Innate Abilities, Weirdness & Mutations

You are very small and have problems with some larger weapons.
You are too small for most types of armour.
You have supernaturally acute eyesight. (SInv)
You are a herbivore.
You cover ground extremely quickly.
You need to consume almost no food.


Message History

Wield which item (- for none, * to show all)? (? for menu, Esc to quit)
b - a +1 blowgun (weapon)
Firing (i - inventory. (/) - cycle)
e - 2 poisoned needles (quivered)
Press: ? - help, Shift-Dir - straight line, f/p - hippogriff
Aim: a hippogriff (poisoned)
You shoot a poisoned needle.
The poisoned needle hits the hippogriff.
The hippogriff looks even sicker.
Wield which item (- for none, * to show all)? (? for menu, Esc to quit)
a - a +3 dagger (weapon)
You hit the hippogriff but do no damage.
The hippogriff is lightly wounded.
The hippogriff misses you. The hippogriff pecks you.
The hippogriff completely misses you.
You hit the hippogriff.
The hippogriff is lightly wounded.
The hippogriff bites you. The hippogriff pecks you.
* * * LOW HITPOINT WARNING * * *
The hippogriff claws you.
You die...

# ###### #######
###..##############....# #.....##
.......r.....(rH@.....## #.8.8.8#
.#.....############.######..⌠.⌠.#
....... ...........##..8.∩.8#
..((... ................⌠.⌠.#
.(..... ...............8.8.8#
(....r. .................<###
....... ..................#
....... .................##
.<...............#


You could see a hippogriff and a quokka.

Vanquished Creatures
  A worker ant (D:4)
  3 adders (D:2)
  3 worms (D:2)
  A dart slug (D:1)
  4 leopard geckos
  5 bats
  4 giant cockroaches
  7 goblins
  6 hobgoblins
  4 jackals (D:1)
  5 frilled lizards
  12 kobolds
  7 rats
62 creatures vanquished.

Vanquished Creatures (others)
  A plant (D:3)
1 creature vanquished.

Grand Total: 63 creatures vanquished

Notes
Turn   | Place    | Note
-------+----------+-------------------------------------------
     0 | D:1      | Cykl0x the Spriggan Assassin began the quest for the Orb.
     0 | D:1      | Reached XP level 1. HP: 10/10 MP: 2/2
    76 | D:1      | Reached skill level 6 in Stealth
   268 | D:1      | Reached XP level 2. HP: 15/15 MP: 3/3
   834 | D:1      | Reached XP level 3. HP: 14/18 MP: 4/4
  1036 | D:2      | Reached skill level 7 in Stealth
  1512 | D:2      | Reached XP level 4. HP: 12/23 MP: 5/5
  1987 | D:2      | Found a blossoming altar of Fedhas.
  2540 | D:3      | Found a faded altar of an unknown god.
  2962 | D:4      | Found Bimuhut's General Store.
  2997 | D:4      | Bought a scroll of identify for 20 gold pieces
  3025 | D:4      | Noticed a hippogriff
  3049 | D:4      | Slain by a hippogriff

Skill      XL: |  1  2  3  4 |
---------------+-------------+-----
Stealth        | 6 7 |  7.7
Dodging        | 2 |  2.7
Fighting       | 2 |  2.1
Short Blades   | 3 |  3.3
Throwing       | |  2.2

Action                   |  1- 3 |  4- 6 || total
-------------------------+-------+-------++-------
Melee: Dagger            |   119 |   103 ||   222
 Fire: Blowgun           |     8 |     5 ||    13
  Use: Scroll            |     3 |     2 ||     5
       Potion            |       |     1 ||     1
 Stab: Sleeping          |    14 |     7 ||    21
Armor: Robe              |    12 |       ||    12
Dodge: Dodged            |    63 |    73 ||   136
